 Dungeon Crawl Stone Soup version 0.26-a0-665-gefeb406119 (webtiles) character file.

Game seed: 7838188898204185841

11184 mandarbmax the Thrower (level 11, 0/103 HPs)
             Began as an Ogre Arcane Marksman on Oct 14, 2020.
             Was an Elder of Hepliaklqana.
             Slain by a merfolk
             ... wielding a +0 trident
              (20 damage)
             ... on level 3 of the Lair of Beasts.
             The game lasted 00:55:16 (16036 turns).

mandarbmax the Thrower (Ogre Arcane Marksman)      Turns: 16036, Time: 00:55:16

Health: 0/103      AC:  5    Str: 23    XL:     11   Next: 73%
Magic:  8/17       EV: 14    Int: 16    God:    Hepliaklqana [****..]
Gold:   473        SH: 12    Dex:  9    Spells: 5/18 levels left

rFire    . . .     SeeInvis .   E - +4 trident (protect)
rCold    . . .     Faith    .   y - +1 kite shield
rNeg     . . .     Spirit   .   a - +2 robe
rPois    .         Reflect  .   (helmet restricted)
rElec    .         Harm     .   (no cloak)
rCorr    .         Rampage  .   (gloves unavailable)
MR       +....                  (boots unavailable)
Stlth    +.........             w - amulet of magic regeneration
HPRegen  0.27/turn              h - +6 ring of strength (curse)
MPRegen  0.40/turn              n - +4 ring of evasion

@: no status effects
A: large, unfitting armour, reduced essence, tough skin 1
a: Recall Ancestor, Ancestor Identity, Transference, Idealise, Renounce Religion


You were on level 3 of the Lair of Beasts.
You worshipped Hepliaklqana.
Hepliaklqana was greatly pleased with you.
You visited 3 branches of the dungeon, and saw 13 of its levels.

You collected 473 gold pieces.

Inventory:

Hand Weapons
 c - a +0 mace
 E - a +4 trident of protection (weapon)
 F - a +2 morningstar of protection
Missiles
 m - 72 poisoned darts (quivered)
 A - a boomerang
 B - a throwing net
Armour
 a - a +2 robe (worn)
 y - a +1 kite shield (worn)
Jewellery
 e - an uncursed ring of resist corrosion
 h - a cursed +6 ring of strength (left hand)
 i - an uncursed ring of flight
 n - a +4 ring of evasion (right hand)
 w - an amulet of magic regeneration (around neck)
 D - an uncursed ring of magical power
Wands
 d - a wand of flame (33)
 o - a wand of digging (6)
 H - a wand of iceblast (2)
 I - a wand of polymorph (5)
Scrolls
 j - a scroll of enchant armour
 k - a scroll of remove curse
 q - a scroll of magic mapping
 r - 4 scrolls of fog
 t - a scroll of random uselessness {unknown}
 u - 7 scrolls of teleportation
 C - 2 scrolls of blinking
 J - a scroll of amnesia
 M - a scroll of identify
 N - a scroll of fear
Potions
 b - a potion of cancellation
 f - 2 potions of mutation
 g - 3 potions of haste
 l - 2 potions of degeneration
 p - 3 potions of stabbing
 s - a potion of invisibility
 v - a potion of brilliance
 x - 2 potions of might
 z - 2 potions of ambrosia
 G - 5 potions of flight
 O - a potion of resistance


   Skills:
 + Level 9.3 Fighting
 - Level 11.0 Throwing
 - Level 2.0 Dodging
 - Level 9.0 Shields
 - Level 4.0 Spellcasting
 - Level 5.0 Hexes
 - Level 2.0 Necromancy
 - Level 5.0 Translocations


You had 5 spell levels left.
You knew the following spells:

 Your Spells              Type           Power        Failure   Level
a - Cause Fear            Hex            ###.......   22%         4
b - Slow                  Hex            ###.....     3%          2
c - Portal Projectile     Hex/Tloc       ###...       6%          3
d - Inner Flame           Hex/Fire       ##......     19%         3
z - Animate Skeleton      Necr           #.....       8%          1

Your spell library contained the following spells:

 Spells                   Type           Power        Failure   Level
 Apportation              Tloc           ###...       2%          1
 Corona                   Hex            ###....      2%          1
 Lesser Beckoning         Tloc           ###.......   6%          3
 Tukima's Dance           Hex            ###.....     6%          3
 Pain                     Necr           #...         8%          1
 Vampiric Draining        Necr           #.........   22%         3
 Leda's Liquefaction      Hex/Erth       ##........   52%         4
 Animate Dead             Necr           #.........   58%         4
 Agony                    Necr           #.......     90%         5
 Alistair's Intoxication  Tmut/Pois      #........    99%         5
 Invisibility             Hex            ###.....     97%         6


Dungeon Overview and Level Annotations

Branches:
Dungeon (9/15)             Temple (1/1) D:5            Lair (3/6) D:9
  Swamp: Lair:2-4    Shoals: Lair:2-4     Snake: Lair:2-4    Spider: Lair:2-4
    Orc: D:9-12

Altars:
Ashenzari
Cheibriados
Dithmenos
Elyvilon
Fedhas
Gozag
Hepliaklqana
Kikubaaqudgha
Makhleb
Nemelex Xobeh
Okawaru
Qazlal
Ru
Sif Muna
Trog
Uskayaw
Vehumet
Wu Jian
Xom
Yredelemnul
Zin
The Shining One


Innate Abilities, Weirdness & Mutations

You are too large for most types of armour.
You have tough skin. (AC +1)
Your life essence is reduced to manifest your ancestor. (-10% HP)


Message History

Flame seeps out of the merfolk.
The merfolk is engulfed in blazing flames.
Flame seeps out of the merfolk.
The merfolk hits you from afar with a +0 trident!
* * * LOW HITPOINT WARNING * * *
The merfolk siren chants a haunting song.
You resist.
Unknown command.
Evoke which item? (* to show all) (? for menu, Esc to quit)
Okay, then.
Quiver which item? (- for none, * to show all) (? for menu, Esc to quit)
Quivering
L - a javelin for throwing.
Throwing (i - inventory. (/) - cycle)
L - a javelin (quivered)
Press: ? - help, Shift-Dir - straight line, f/p - merfolk
Aim: a merfolk, wielding a +0 trident and quivering 5 boomerangs (flame, moderately wounded, inner flame, very poisoned)
You throw a javelin. The javelin closely misses the merfolk.
The merfolk is engulfed in blazing flames.
Flame seeps out of the merfolk.
The merfolk hits you from afar with a +0 trident!!
You die...

...####.# ##..##
....##..#####...#
#...# #.....'...#
#..+..+..###P..##
....##.### #P..## #
##.[P# ....#
#..#### ...P#
...#...#.# P......
....((..@# .......
..........#
.............###mm#
............. .≈##
...#.#....### R(#
.... ### .m## #. ≈≈
#(#


You could see the friendly Centenhua the knight, 2 merfolk and a merfolk siren.

Vanquished Creatures
  2 hydras
  An elephant (D:9)
  2 cane toads
  Grinder (D:5)
  A wyvern (D:9)
  Sigmund (D:4)
  11 yaks
  2 basilisks
  A water moccasin (Lair:1)
  An ice beast (D:6)
  A black bear (D:9)
  An orc warrior (D:8)
  A hornet zombie (D:8)
  An ogre (D:6)
  A phantom (D:4)
  5 bullfrogs
  2 big kobolds (D:8)
  2 gnoll sergeants
  A scorpion (D:4)
  9 wights
  An electric eel (Lair:1)
  2 howler monkeys
  2 quasits
  2 jellies
  6 hounds
  3 orc priests
  A bullfrog skeleton (D:9)
  2 iguanas
  Jessica (D:3)
  Terence (D:2)
  Ijyb (D:3)
  2 worker ants
  A hound skeleton (D:9)
  A howler monkey zombie (D:8)
  A worker ant zombie (D:5)
  4 gnolls
  5 adders
  A shadow imp (D:7)
  4 white imps
  2 ufetubi
  3 worms (D:2)
  2 dart slugs
  4 leopard geckos
  7 orcs
  A ball python (D:1)
  5 giant cockroaches
  6 goblins
  13 hobgoblins
  10 jackals
  11 kobolds
  6 quokkas
  8 bats
  9 frilled lizards
  9 rats
184 creatures vanquished.

Vanquished Creatures (collateral kills)
  A hydra (Lair:1)
  4 cane toads
  Psyche (D:9)
  A yak (Lair:2)
  A basilisk (Lair:1)
  A vampire mosquito (D:8)
  2 water moccasins
  2 ice beasts
  An ogre (D:8)
  A phantom (D:6)
  2 centaurs
  2 bullfrogs
  4 wights
  A quasit (D:9)
  3 hounds
  An orc wizard (D:5)
  An orc priest (D:8)
  An iguana (D:7)
  2 worker ants
  5 gnolls
  5 adders
  2 shadow imps
  2 white imps
  A leopard gecko (D:8)
  2 orcs
  A giant cockroach (D:6)
  3 jackals (D:7)
  A ball python (D:7)
  2 kobolds (D:8)
56 creatures vanquished.

Vanquished Creatures (others)
  An orc wizard (D:5)
  6 knights
  2 ancestors (D:6)
  4 fungi
  8 plants
21 creatures vanquished.

Grand Total: 261 creatures vanquished

Notes
Turn   | Place    | Note
-------+----------+-------------------------------------------
     0 | D:1      | mandarbmax the Ogre Arcane Marksman began the quest for the
                  | Orb.
     0 | D:1      | Reached XP level 1. HP: 19/19 MP: 2/2
    52 | D:1      | Reached XP level 2. HP: 18/28 MP: 0/4
   266 | D:1      | Learned a level 2 spell: Slow
   691 | D:1      | Reached XP level 3. HP: 8/35 MP: 0/6
  1620 | D:1      | Learned a level 3 spell: Portal Projectile
  1765 | D:2      | Reached skill level 3 in Throwing
  1937 | D:2      | Reached XP level 4. HP: 42/42 MP: 0/7
  2064 | D:2      | Found a sacrificial altar of Ru.
  2306 | D:2      | Found a shimmering blue altar of Sif Muna.
  2478 | D:2      | Noticed Terence
  2483 | D:2      | Killed Terence
  2483 | D:2      | Reached skill level 4 in Throwing
  3106 | D:3      | Noticed Ijyb
  3118 | D:3      | Killed Ijyb
  3118 | D:3      | Reached XP level 5. HP: 46/49 MP: 0/8
  3282 | D:3      | Noticed Jessica
  3285 | D:3      | Killed Jessica
  3285 | D:3      | Reached skill level 5 in Throwing
  3337 | D:3      | Found a glowing golden altar of the Shining One.
  3951 | D:3      | Reached XP level 6. HP: 50/57 MP: 4/9
  4157 | D:4      | Noticed a phantom
  4195 | D:4      | Killed a phantom
  4195 | D:4      | Reached skill level 6 in Throwing
  4721 | D:4      | Noticed Sigmund
  4726 | D:4      | Killed Sigmund
  4726 | D:4      | Reached skill level 7 in Throwing
  4726 | D:4      | Reached XP level 7. HP: 31/65 MP: 10/10
  5233 | D:5      | Entered Level 5 of the Dungeon
  5284 | D:5      | Noticed Grinder
  5285 | D:5      | Found a staircase to the Ecumenical Temple.
  5289 | D:5      | Found a broken altar of Ashenzari.
  5298 | Temple   | Entered the Ecumenical Temple
  5480 | Temple   | Became a worshipper of Hepliaklqana the Forgotten
  5545 | D:5      | Reached skill level 1 in Translocations
  5915 | D:5      | Killed Grinder
  5915 | D:5      | Reached skill level 8 in Throwing
  5915 | D:5      | Reached XP level 8. HP: 54/64 MP: 11/11
  5999 | D:5      | Found an iron altar of Okawaru.
  7169 | D:6      | Found a broken altar of Ashenzari.
  7330 | D:6      | Reached skill level 5 in Hexes
  7532 | D:6      | Found an ornate altar of the Wu Jian Council.
  7645 | D:6      | Reached XP level 9. HP: 54/71 MP: 12/12
  8052 | D:7      | Reached * piety under Hepliaklqana
  8061 | D:7      | Reached skill level 1 in Shields
  8064 | D:7      | Reached skill level 9 in Throwing
  9099 | D:7      | Found a basalt altar of Yredelemnul.
  9285 | D:8      | Reached skill level 5 in Translocations
 10221 | D:8      | Reached ** piety under Hepliaklqana
 10222 | D:8      | Remembered your ancestor Centenhua as a knight
 10241 | D:8      | Reached skill level 10 in Throwing
 10506 | D:8      | Found an opulent altar of Gozag.
 10616 | D:8      | Found a sparkling altar of Nemelex Xobeh.
 11553 | D:8      | Reached XP level 10. HP: 78/78 MP: 13/13
 11702 | D:9      | Reached skill level 5 in Shields
 11732 | D:9      | Found a glowing silver altar of Zin.
 11764 | D:9      | Found a staircase to the Lair.
 11764 | D:9      | Noticed an elephant
 11779 | D:9      | Killed an elephant
 11982 | D:9      | Noticed Psyche
 11992 | D:9      | Killed Psyche
 12078 | D:9      | Reached skill level 11 in Throwing
 12292 | D:9      | Found a white marble altar of Elyvilon.
 12479 | D:9      | Learned a level 1 spell: Animate Skeleton
 12616 | Lair:1   | Entered Level 1 of the Lair of Beasts
 12626 | Lair:1   | Noticed a cane toad
 12647 | Lair:1   | Killed a cane toad
 12647 | Lair:1   | Reached skill level 1 in Necromancy
 12878 | Lair:1   | Reached *** piety under Hepliaklqana
 12890 | Lair:1   | Noticed a cane toad
 12895 | Lair:1   | Noticed a cane toad
 12907 | Lair:1   | Killed a cane toad
 12913 | Lair:1   | Killed a cane toad
 13239 | Lair:1   | Reached XP level 11. HP: 34/83 MP: 9/14
 13770 | Lair:1   | Learned a level 4 spell: Cause Fear
 13884 | Lair:1   | Noticed a four-headed hydra
 13891 | Lair:1   | Killed a four-headed hydra
 14621 | Lair:2   | Learned a level 3 spell: Inner Flame
 14729 | Lair:2   | Reached skill level 5 in Fighting
 14926 | Lair:2   | Noticed a six-headed hydra
 14992 | Lair:2   | HP: 1/96 [six-headed hydra (16)]
 15403 | Lair:2   | Reached **** piety under Hepliaklqana
 15593 | Lair:2   | Killed a six-headed hydra
 16020 | Lair:3   | Noticed a five-headed hydra
 16024 | Lair:3   | Killed a five-headed hydra
 16036 | Lair:3   | Slain by a merfolk

Illustrated notes

Levels and vault maps discovered:
D:1:      lemuel_arrival_rhombus, layout_basic
D:2:      layout_basic, hangedman_ru_absence, lemuel_blue_sif_altar,
          uniq_terence
D:3:      layout_loops_cross, old_standard_altar, uniq_jessica, uniq_ijyb
D:4:      layout_gridville, minmay_close_crescents, uniq_sigmund
D:5:      layout_rooms, kennysheep_little_box, minmay_temple_entry_mist,
          abandoned_shop, minmay_misc_feat_hallway, cheibrodos_ashenzari_chains,
          uniq_grinder
D:6:      layout_rooms, kennysheep_mini, lemuel_crystal_altar, corner_web_ring,
          kennysheep_generic_room_9
D:7:      layout_basic, overflow_temple_1_default, serial_corexii_hall,
          corexii_hall_statues_t, corexii_hall_statues_i
D:8:      minmay_general_purpose_star, layout_cave_pools,
          nicolae_gozag_cash_rules_everything_around_me,
          nemelex_xobeh_ov_fountains_minmay
D:9:      layout_cave_pools, elyvilon_altar_1, david_lair_generic,
          serial_rivers, chequers_serial_rivers_micro_d,
          chequers_serial_rivers_marsh, chequers_serial_rivers_marsh,
          chequers_serial_rivers_room_b, chequers_serial_rivers_micro_d,
          basic_altar, solitary_fountain, uniq_psyche
Temple:   minmay_temple_bridge_abc
Lair:1:   layout_chaotic_city, infiniplex_staircase_pool, grunt_megastairs_2
Lair:2:   layout_cave_pods, grunt_megastairs_1
Lair:3:   layout_regular_city, elwin_shoals_entry_stream, st_stairs_4

Skill      XL: |  1  2  3  4  5  6  7  8  9 10 11 |
---------------+----------------------------------+-----
Dodging        | 2 |  2.0
Fighting       | 2 9 |  9.3
Hexes          | 3 5 |  5.0
Spellcasting   | 2 4 |  4.0
Throwing       | 3 4 5 7 8 10 11 | 11.0
Translocations | 2 4 5 |  5.0
Shields        | 4 8 9 |  9.0
Necromancy     | 2 |  2.0

Action                   |  1- 3 |  4- 6 |  7- 9 | 10-12 || total
-------------------------+-------+-------+-------+-------++-------
Melee: Unarmed           |   125 |       |       |       ||   125
       Mace              |    37 |    86 |   173 |       ||   296
       Trident           |       |       |     1 |    36 ||    37
       Morningstar       |       |       |       |    37 ||    37
Throw: Large rock        |    18 |    13 |     7 |    18 ||    56
       Throwing net      |     2 |     2 |       |       ||     4
       Javelin           |    14 |    12 |     3 |     5 ||    34
       Dart              |       |    64 |   152 |   117 ||   333
       Boomerang         |       |       |    95 |    50 ||   145
 Cast: Corona            |    29 |    35 |       |       ||    64
       Slow              |    17 |    11 |     5 |    10 ||    43
       Portal Projectile |       |     3 |     6 |    22 ||    31
       Animate Skeleton  |       |       |       |    13 ||    13
       Inner Flame       |       |       |       |     5 ||     5
       Cause Fear        |       |       |       |     2 ||     2
Invok: Recall Ancestor   |       |       |     2 |       ||     2
       Ancestor Life: Kn |       |       |     1 |       ||     1
Evoke: Wand              |       |     3 |    14 |     8 ||    25
  Use: Scroll            |       |     2 |    19 |     9 ||    30
       Potion            |       |       |       |     6 ||     6
 Stab: Distracted        |       |       |     1 |       ||     1
Armor: Robe              |    74 |    26 |    52 |    38 ||   190
       Skin              |       |       |       |     1 ||     1
Dodge: Dodged            |   161 |    86 |   144 |    78 ||   469
Block: Kite shield       |       |    14 |   119 |    82 ||   215

Table legend: (Time is in decaauts)
 A = Elapsed time spent in this place.
 B = Non-inter-level travel time spent in this place.
 C = Inter-level travel time spent in this place.
 D = Time resting spent in this place.
 E = Time spent auto-exploring this place.
 F = Levels seen in this place.
 G = Mean time per level.
                   A        B        C        D        E       F      G
               +--------+--------+--------+--------+--------+-----+--------+
         Total |  16175 |  15743 |    432 |   5403 |   7808 |  13 | 1244.2 |
       Dungeon |  12563 |  12219 |    344 |   3929 |   6320 |   9 | 1395.9 |
        Temple |    202 |    172 |     30 |      0 |    171 |   1 |  202.0 |
          Lair |   3409 |   3351 |     58 |   1474 |   1317 |   3 | 1136.3 |
               +--------+--------+--------+--------+--------+-----+--------+

Top non-repeatable levels by time:
  Lair:1: 2248 daAuts
     D:7: 2061 daAuts
     D:1: 1660 daAuts
     D:6: 1659 daAuts
     D:8: 1508 daAuts
     D:2: 1491 daAuts
     D:4: 1241 daAuts
     D:5: 1061 daAuts
  Lair:2: 954 daAuts
     D:3: 949 daAuts
     D:9: 930 daAuts
  Lair:3: 206 daAuts
  Temple: 202 daAuts
